 Dungeon Crawl Stone Soup version 0.25-a0-265-g7af84ae0ac (webtiles) character file.

Game seed: 16287995378537372885, levelgen mode: deterministic

11382 Redear the Covert (level 11, -5/80 HPs)
             Began as an Octopode Fighter on Dec 8, 2019.
             Was a Plaything of Xom.
             Slain by a quicksilver dragon (15 damage)
             ... on level 3 of the Abyss.
             The game lasted 00:28:42 (8902 turns).

Redear the Covert (Octopode Fighter)                Turns: 8902, Time: 00:28:43

Health: -5/80      AC:  1    Str: 15    XL:     11   Next: 76%
Magic:  29/29      EV: 19    Int:  9    God:    Xom [.....*]
Gold:   664        SH: 11    Dex: 15    Spells: 10/10 levels left

rFire    + . .     SeeInvis +   (no weapon)
rCold    + . .     Gourm    .   b - +0 shield
rNeg     + + +     Faith    .   (helmet restricted)
rPois    +         Spirit   .   (no amulet)
rElec    .         Reflect  .   o - +1 ring of evasion
rCorr    +         Harm     .   m - ring of magical power {MP+9}
MR       .....                  s - ring of see invisible {SInv}
Stlth    +++++.....             u - ring of positive energy {rN+}
HPRegen  0.23/turn              g - ring of resist corrosion
MPRegen  0.21/turn              c - ring of protection from cold {rC+}
                                f - ring of protection from fire {rF+}
                                x - ring "Ixomaih" {*Slow rPois rN++ MP+9 Stlth-}

@: about to teleport, very slightly contaminated
A: almost no armour, stealthy swim, amphibious, 8 rings, constrict 8, camouflage
1, dopey 1, gelatinous body 1
a: Renounce Religion


You were on level 3 of the Abyss.
You worshipped Xom.
You were Xom's teddy bear.
You were not hungry.

You visited 2 branches of the dungeon, and saw 10 of its levels.
You visited the Abyss 1 time.
You also visited: Bailey.

You collected 664 gold pieces.

Inventory:

Hand Weapons
 q - the +6 falchion of Death's Door {flame, -Tele Str+6 Dex+10}
   (You found it on level 4 of the Dungeon)

   It has been specially enchanted to burn those struck by it, causing extra
   injury to most foes and up to half again as much damage against particularly
   susceptible opponents.
   Big, fiery blades are also staple armaments of hydra-hunters.
   It affects your strength (+6).
   It affects your dexterity (+10).
   It prevents most forms of teleportation.
 v - a +2 dagger of pain
Missiles
 n - 6 javelins
 D - 31 boomerangs
 Z - a throwing net (quivered) {+f}
Armour
 b - a +0 shield (worn)
Magical Staves
 E - an uncursed staff of earth
Jewellery
 c - a ring of protection from cold (on tentacle) {rC+}
 f - a ring of protection from fire (on tentacle) {rF+}
 g - a ring of resist corrosion (on tentacle)
 j - an uncursed ring of wizardry {Wiz+}
 m - a ring of magical power (right tentacle) {MP+9}
 o - a +1 ring of evasion (left tentacle)
 s - a ring of see invisible (on tentacle) {SInv}
 u - a ring of positive energy (on tentacle) {rN+}
 x - the ring "Ixomaih" (on tentacle) {*Slow rPois rN++ MP+9 Stlth-}
   (You found it on level 4 of the Dungeon)

   [ring of attention]

   It protects you from poison.
   It greatly protects you from negative energy.
   It affects your magic capacity (+9).
   It may slow you when you take damage.
   It makes you less stealthy.
Wands
 I - a wand of iceblast (6)
Scrolls
 a - 3 scrolls of amnesia {unknown}
 y - 2 scrolls of random uselessness
 B - a scroll of blinking
 C - 2 scrolls of fear
 M - 3 scrolls of magic mapping
 N - a scroll of remove curse {@r2}
 T - 3 scrolls of teleportation {@r3}
Potions
 h - a potion of lignification
 i - 3 potions of magic
 l - 4 potions of flight
 p - 2 potions of mutation {!q}
 t - 2 potions of degeneration {!q}
 w - 2 potions of agility {Stlth+ Dex+5 EV+5 | @q4}
 A - a potion of might {Str+5 DMG+1d10 | @q3}
 Q - 3 potions of curing {@q2}
Comestibles
 z - 15 rations


   Skills:
 + Level 9.0 Fighting
 + Level 8.7 Long Blades
 + Level 8.9 Dodging
 - Level 10.6 Stealth
 + Level 9.0 Shields


You had 10 spell levels left.
You didn't know any spells.
Your spell library contained the following spells:

 Spells                   Type           Power        Failure   Level  Hunger
 Magic Dart               Conj           #...         65%         1    ##.....
 Searing Ray              Conj           #.....       78%         2    ###....
 Dazzling Flash           Conj/Hex       #.....       95%         3    ####...
 Static Discharge         Conj/Air       #.......     95%         3    ####...
 Fulminant Prism          Conj/Hex       #.........   100%        4    #####..
 Iskenderun's Mystic Bla  Conj/Tloc      #.......     100%        4    #####..
 Lightning Bolt           Conj/Air       #.........   100%        5    ######.
 Ignition                 Fire           #.........   100%        8    #######
 Shatter                  Erth           #.........   100%        9    #######
 Tornado                  Air            #.........   100%        9    #######


Dungeon Overview and Level Annotations

Branches:
Dungeon (9/15)             Temple (1/1) D:6            Lair (0/6) D:9
 Bailey (visited)
    Orc: D:9-12

Altars:
Cheibriados
Dithmenos
Elyvilon
Fedhas
Gozag
Hepliaklqana
Kikubaaqudgha
Makhleb
Nemelex Xobeh
Okawaru
Qazlal
Ru
Sif Muna
Trog
Uskayaw
Vehumet
Wu Jian
Xom
Zin
The Shining One

Shops:
D:5 (


Innate Abilities, Weirdness & Mutations

You cannot wear most types of armour.
You are very stealthy in the water. (Stealth+)
You are amphibious.
You can wear up to eight rings at the same time.
You can use your tentacles to constrict eight enemies at once.
Your skin changes colour to match your surroundings (Stealth+).
Your rubbery body absorbs attacks. (AC +1, EV +1)
You are dopey. (Int -2)


Message History

The fireball engulfs the quicksilver dragon!
The fireball engulfs the black draconian monk!
The fireball engulfs the large abomination!
The fireball engulfs the orb spider!
You hear a roar! x2
Nothing appears to happen.
The quicksilver dragon breathes dispelling energy at you.
The bolt of dispelling energy misses you.
The hell knight shouts!
Unknown command.
Okay, then.
Unknown command.
You feel better.
The hell knight convulses!
The black draconian monk convulses!
The draconian convulses!
The black draconian monk grins madly.
The quicksilver dragon bites you.
* * * LOW HITPOINT WARNING * * *
The quicksilver dragon claws you!
You die...
Xom guffaws!

#'#.d.##*...
..##...###.#.
##. ##d### #
# ##.p._## .
#dd..q.# #
..#s.....#
..X......#
#3.XD5.#
.##..#.@## ##
## ####


You could see a black draconian monk (confused), a quicksilver dragon, a hell
knight, 3 draconians, 2 large abominations, an orb spider, a smoke demon and an
iron imp.

Vanquished Creatures
  A hydra (D:8)
  2 two-headed ogres
  A sun demon (Abyss:3)
  A fire crab (D:9)
  3 hell knights (Abyss:3)
  A necromancer (Abyss:3)
  2 centaur skeletons
  The ghost of EnegeticOcto the Ducker, a novice SpCj (D:5)
  A troll (D:9)
  A hippogriff (D:9)
  A wyvern (D:6)
  2 yaks (D:9)
  A hungry ghost (D:8)
  5 sky beasts
  An ice beast (D:8)
  6 orc warriors
  2 black bears
  7 ogres
  A crocodile (D:8)
  3 centaurs
  3 big kobolds
  A wyvern zombie (D:6)
  6 bullfrogs
  A wyvern skeleton (D:9)
  A water moccasin skeleton (D:6)
  4 scorpions
  5 wights
  A howler monkey (D:8)
  5 crimson imps
  A centaur zombie (D:9)
  A quasit (D:9)
  2 bullfrog skeletons
  3 hounds
  2 jellies
  3 orc priests
  11 orc wizards
  3 iguanas
  10 worker ants
  A killer bee zombie (D:8)
  A hound zombie (D:7)
  2 hound skeletons
  2 worker ant zombies (D:7)
  A gnoll (D:6)
  11 adders
  5 shadow imps
  2 oozes
  An adder zombie (D:5)
  An adder skeleton (D:4)
  4 worms
  4 dart slugs
  2 leopard geckos
  52 orcs
  A bat (D:1)
  4 giant cockroaches
  12 hobgoblins
  11 jackals
  5 quokkas
  A ball python (D:7)
  6 frilled lizards
  A giant cockroach zombie (D:5)
  2 goblins (D:1)
  A jackal skeleton (D:5)
  30 kobolds
  A leopard gecko skeleton (D:4)
  A quokka skeleton (D:8)
  A quokka zombie (D:5)
  10 rats
  A lurking horror (Abyss:3)
283 creatures vanquished.

Vanquished Creatures (others)
  A small abomination (Abyss:3)
  A fungus (D:9)
  A lurking horror (Abyss:3)
3 creatures vanquished.

Grand Total: 286 creatures vanquished

Notes
Turn   | Place    | Note
-------+----------+-------------------------------------------
     0 | D:1      | Redear the Octopode Fighter began the quest for the Orb.
     0 | D:1      | Reached XP level 1. HP: 16/16 MP: 1/1
   281 | D:1      | Reached XP level 2. HP: 14/21 MP: 2/2
   325 | D:1      | Reached skill level 1 in Stealth
   870 | D:1      | Reached XP level 3. HP: 24/26 MP: 3/3
  1001 | D:1      | You fall into a shaft and drop 1 floor!
  1066 | D:2      | Found a shadowy altar of Dithmenos.
  1399 | D:2      | Reached skill level 2 in Stealth
  1399 | D:2      | Reached XP level 4. HP: 20/31 MP: 4/4
  2371 | D:3      | Reached XP level 5. HP: 27/36 MP: 5/5
  2716 | D:3      | Reached skill level 3 in Long Blades
  2886 | D:4      | Noticed an ogre
  2901 | D:4      | Got a scorched steel ring
  2934 | D:4      | Got a dazzling falchion
  2938 | D:4      | Identified the +6 falchion of Death's Door {flame, -Tele
                  | Str+6 Dex+10} (You found it on level 4 of the Dungeon)
  2939 | D:4      | Identified the ring "Ixomaih" {*Slow rPois rN++ MP+9
                  | Stlth-} (You found it on level 4 of the Dungeon)
  2977 | D:4      | Reached skill level 3 in Stealth
  3062 | D:4      | Reached XP level 6. HP: 41/43 MP: 6/6
  3235 | D:4      | Reached skill level 4 in Fighting
  3235 | D:4      | Reached skill level 4 in Dodging
  3235 | D:4      | Reached skill level 4 in Shields
  3275 | D:4      | Noticed a +0 dagger
  3276 | D:4      | Noticed a +0 dagger
  3337 | D:4      | Found a hide-covered altar of Uskayaw.
  3368 | D:4      | Reached skill level 4 in Stealth
  3583 | D:4      | Found an opulent altar of Gozag.
  3583 | D:4      | Found a sparkling altar of Nemelex Xobeh.
  3699 | D:5      | Entered Level 5 of the Dungeon
  3699 | D:5      | Noticed a sky beast
  3704 | D:5      | Killed a sky beast
  3704 | D:5      | Reached XP level 7. HP: 41/49 MP: 7/7
  3772 | D:5      | Reached skill level 4 in Long Blades
  3787 | D:5      | Reached skill level 5 in Stealth
  4072 | D:5      | Noticed EnegeticOcto's ghost (novice SpCj)
  4094 | D:5      | Found a runed translucent gate.
  4094 | D:5      | Found a runed translucent gate.
  4099 | D:5      | Found a runed translucent gate.
  4158 | D:5      | Found a stormy altar of Qazlal.
  4327 | D:5      | Reached XP level 8. HP: 50/54 MP: 8/8
  4334 | D:5      | Found a sparkling altar of Nemelex Xobeh.
  4370 | D:5      | Found Mobrut's Weapon Shop.
  4376 | D:5      | Reached skill level 5 in Fighting
  4552 | D:6      | Reached skill level 5 in Dodging
  4552 | D:6      | Reached skill level 5 in Shields
  4612 | D:6      | Noticed a wyvern
  4617 | D:6      | Reached skill level 6 in Stealth
  4876 | D:6      | Killed a wyvern
  4876 | D:6      | Reached skill level 5 in Long Blades
  4904 | D:6      | Reached XP level 9. HP: 55/62 MP: 9/9
  4909 | D:6      | Reached skill level 7 in Stealth
  4943 | D:6      | Found a staircase to the Ecumenical Temple.
  4955 | D:6      | Reached skill level 6 in Shields
  4969 | D:6      | Reached skill level 6 in Fighting
  5125 | D:6      | Reached skill level 6 in Dodging
  5377 | Temple   | Entered the Ecumenical Temple
  5381 | Temple   | Became a worshipper of Xom of Malicious Giggling
  5477 | D:5      | XOM: potion effect (agility)
  5478 | D:5      | Killed EnegeticOcto's ghost
  5478 | D:5      | Reached skill level 6 in Long Blades
  5478 | D:5      | Reached skill level 8 in Stealth
  5611 | D:7      | XOM: harmless Ice miscast
  5674 | D:7      | XOM: enchant monster (bad)
  5730 | D:7      | XOM: mild Conj miscast
  5905 | D:7      | XOM: noise
  5909 | D:7      | XOM: divination: detect creatures
  5914 | D:7      | XOM: confusion (+ monsters)
  5927 | D:7      | Reached XP level 10. HP: 59/69 MP: 10/10
  5969 | D:7      | Reached skill level 7 in Fighting
  5969 | D:7      | Reached skill level 7 in Shields
  6025 | D:7      | Found a radiant altar of Vehumet.
  6116 | D:7      | Reached skill level 9 in Stealth
  6189 | D:7      | Found a snail-covered altar of Cheibriados.
  6189 | D:7      | Found an ornate altar of the Wu Jian Council.
  6255 | D:7      | Reached skill level 7 in Dodging
  6489 | D:8      | Noticed a six-headed hydra
  6493 | D:8      | Killed a three-headed hydra
  6493 | D:8      | Reached skill level 7 in Long Blades
  6592 | D:8      | Noticed a two-headed ogre
  6744 | D:8      | XOM: confuse monster(s)
  7238 | D:8      | XOM: cast spell 'Summon Small Mammal'
  7239 | D:8      | XOM: repel stairs
  7244 | D:8      | XOM: destruction
  7251 | D:8      | Killed a two-headed ogre
  7251 | D:8      | Reached skill level 10 in Stealth
  7308 | D:8      | XOM: swap monsters
  7472 | D:9      | XOM: noise
  7478 | D:9      | Found a flagged portal.
  7491 | D:9      | XOM: silly message
  7501 | D:9      | Reached skill level 8 in Fighting
  7501 | D:9      | Reached skill level 8 in Shields
  7501 | D:9      | Reached XP level 11. HP: 67/77 MP: 11/11
  7527 | D:9      | Reached skill level 8 in Dodging
  7554 | Bailey   | Entered a bailey
  7666 | Bailey   | Found an iron altar of Okawaru.
  7681 | Bailey   | XOM: harmless Tmut miscast
  7768 | D:9      | XOM: torment (39/77 hp)
  7781 | D:9      | Noticed a fire crab
  7781 | D:9      | a yak changed into a fire crab
  7781 | D:9      | XOM: polymorph yak -> fire crab
  8040 | D:9      | Found a shimmering blue altar of Sif Muna.
  8040 | D:9      | Found a white marble altar of Elyvilon.
  8041 | D:9      | Found a glowing golden altar of the Shining One.
  8096 | D:9      | Found a staircase to the Lair.
  8213 | D:9      | XOM: mild Air miscast
  8271 | D:9      | Noticed a two-headed ogre
  8283 | D:9      | Killed a two-headed ogre
  8283 | D:9      | Reached skill level 8 in Long Blades
  8579 | D:9      | XOM: blink monster(s)
  8585 | D:9      | Killed a fire crab
  8612 | D:9      | Cast into level 3 of the Abyss (Xom)
  8613 | Abyss:3  | Found a transporter.
  8833 | Abyss:3  | XOM: give mutation
  8833 | Abyss:3  | Gained mutation: You are dopey. (Int -2) [Xom's mischief]
  8850 | Abyss:3  | Found a corrupted altar of Lugonu.
  8850 | Abyss:3  | Noticed a draconian
  8850 | Abyss:3  | Noticed a draconian
  8850 | Abyss:3  | Noticed a black draconian monk
  8851 | Abyss:3  | Noticed a draconian
  8851 | Abyss:3  | Noticed a large abomination
  8859 | Abyss:3  | Noticed a large abomination
  8859 | Abyss:3  | Noticed a hell knight
  8859 | Abyss:3  | Noticed a hell knight
  8859 | Abyss:3  | Noticed a hell knight
  8859 | Abyss:3  | Noticed a sun demon
  8859 | Abyss:3  | Noticed a hell knight
  8859 | Abyss:3  | Noticed a hell knight
  8859 | Abyss:3  | Noticed a necromancer
  8859 | Abyss:3  | Noticed a hell knight
  8865 | Abyss:3  | Noticed a necromancer
  8867 | Abyss:3  | Noticed a wretched star
  8870 | Abyss:3  | Killed a hell knight
  8875 | Abyss:3  | Noticed a reaper
  8876 | Abyss:3  | Killed a hell knight
  8879 | Abyss:3  | Noticed a white draconian annihilator
  8881 | Abyss:3  | Noticed a draconian
  8882 | Abyss:3  | Noticed a draconian
  8883 | Abyss:3  | Noticed a draconian
  8884 | Abyss:3  | Noticed a thrashing horror
  8884 | Abyss:3  | Noticed a thrashing horror
  8885 | Abyss:3  | Killed a hell knight
  8887 | Abyss:3  | XOM: scenery: 1 doors open, 1 doors close
  8893 | Abyss:3  | XOM: confuse monster(s)
  8894 | Abyss:3  | Killed a sun demon
  8894 | Abyss:3  | Reached skill level 9 in Fighting
  8894 | Abyss:3  | Reached skill level 9 in Shields
  8895 | Abyss:3  | XOM: chaos upgrade
  8896 | Abyss:3  | Noticed a large abomination
  8897 | Abyss:3  | Noticed a thrashing horror
  8897 | Abyss:3  | Noticed an orb spider
  8898 | Abyss:3  | HP: 6/80 [thrashing horror (8)]
  8898 | Abyss:3  | Noticed a quicksilver dragon
  8898 | Abyss:3  | Noticed a thrashing horror
  8899 | Abyss:3  | Killed a necromancer
  8901 | Abyss:3  | XOM: destruction
  8902 | Abyss:3  | Slain by a quicksilver dragon

Levels and vault maps discovered:
D:1:      lightli_arrival_quake, layout_basic
D:2:      layout_basic, lemuel_round_altar
D:3:      layout_basic
D:4:      layout_cave_pools, grunt_temple_overflow_opulence,
          dancing_weapons_uskayaw, minmay_increasing_density
D:5:      layout_loops_ring, basic_altar, gammafunk_ghost_split, serial_shops,
          kennysheep_little_box, first_ration, nemelex_xobeh_ov_fountains_minmay
D:6:      cheibrodos_fzero, layout_rooms, minmay_temple_entry_statues
D:7:      layout_rooms, kennysheep_mini_moat, gammafunk_temple_overflow_statue,
          grunt_ogre_cave
D:8:      layout_basic
D:9:      layout_rooms, minitemple, dpeg_oklobed_lair, enter_bailey_6,
          minmay_stone_trees_large
Temple:   nicolae_temple_x_marks_the_god
Abyss:3:  base: Temple, gammafunk_abyss_rune_reverse_zot

Skill      XL: |  1  2  3  4  5  6  7  8  9 10 11 |
---------------+----------------------------------+-----
Stealth        | 1 2 3 4 5 6 8 10 | 10.6
Long Blades    | 3 4 5 6 7 8 |  8.7
Fighting       | 4 5 6 8 9 |  9.0
Dodging        | 4 5 6 7 8 |  8.9
Shields        | 4 5 6 8 9 |  9.0

Action                   |  1- 3 |  4- 6 |  7- 9 | 10-12 || total
-------------------------+-------+-------+-------+-------++-------
Melee: Long sword        |    71 |    48 |       |       ||   119
       Constrict         |    22 |    25 |    49 |    38 ||   134
       Tentacles         |    14 |    17 |    66 |    77 ||   174
       Falchion          |       |    32 |   168 |   222 ||   422
Evoke: Wand              |       |       |     1 |     1 ||     2
  Use: Scroll            |       |     7 |     5 |     8 ||    20
       Potion            |       |       |     1 |    15 ||    16
 Stab: Sleeping          |     9 |    11 |     9 |    18 ||    47
       Confused          |       |       |     1 |       ||     1
       Distracted        |       |       |       |     1 ||     1
  Eat: Chunk             |     1 |     8 |     7 |     5 ||    21
       Ration            |       |       |       |     2 ||     2
Armor: Skin              |     6 |     1 |     4 |    10 ||    21
Dodge: Dodged            |    27 |    34 |    73 |   101 ||   235
Block: Shield            |    28 |    30 |    79 |    99 ||   236
       Rpst.: Long sword |    11 |    10 |       |       ||    21
       Falchion          |       |     3 |    20 |    20 ||    43

Table legend:
 A = Non-vault XP
 B = Vault XP
 C = Vault XP percentage of total XP
 D = Non-vault monster count
 E = Vault monster count
 F = Vault count percentage of total count
                 A         B        C        D         E       F
            +---------+---------+-------+---------+---------+-------
      Total |   14013 |    2247 |  13.8 |     242 |      40 |  14.2
            +---------+---------+-------+---------+---------+-------
        D:1 |      46 |       0 |   0.0 |      27 |       0 |   0.0
        D:2 |      70 |       0 |   0.0 |      18 |       0 |   0.0
        D:3 |      93 |       0 |   0.0 |      14 |       0 |   0.0
        D:4 |     295 |      88 |  23.0 |      17 |       4 |  19.0
        D:5 |     798 |     710 |  47.1 |      31 |       6 |  16.2
        D:6 |     792 |     784 |  49.7 |      33 |      13 |  28.3
        D:7 |    1448 |     122 |   7.8 |      33 |       1 |   2.9
        D:8 |    3466 |       0 |   0.0 |      40 |       0 |   0.0
        D:9 |    3475 |       0 |   0.0 |      24 |       0 |   0.0
    Abyss:3 |    3530 |       0 |   0.0 |       5 |       0 |   0.0
     Bailey |       0 |     543 | 100.0 |       0 |      16 | 100.0
            +---------+---------+-------+---------+---------+-------
